 Dungeon Crawl Stone Soup version 0.27.1-33-g824d729ab1 (webtiles) character file.

Game seed: 16208517032243507708

11603 boopmooplesden the Blocker (level 11, -2/97 HPs)
             Began as a Minotaur Fighter on Dec 31, 2021.
             Was an Elder of Okawaru.
             Slain by klutch's ghost (13 damage)
             ... on level 1 of the Lair of Beasts.
             The game lasted 00:16:47 (12105 turns).

boopmooplesden the Blocker (Minotaur Fighter)      Turns: 12105, Time: 00:16:48

Health: -2/97      AC: 23    Str: 21    XL:     11   Next: 51%
Magic:  10/10      EV:  5    Int: 12    God:    Okawaru [****..]
Gold:   148        SH: 19    Dex:  9    Spells: 10/10 levels left

rFire    + . .     SeeInvis .   f - +1 flail (protect)
rCold    x . .     Faith    .   r - +1 tower shield
rNeg     . . .     Spirit   .   i - +1 plate armour
rPois    +         Reflect  .   (helmet restricted)
rElec    .         Harm     .   u - +0 cloak
rCorr    .         Rampage  .   (no gloves)
Will     .....                  C - +1 pair of boots of Plasticity {*Corrode rPois Int+7 Dex-4}
Stlth    ..........             l - amulet of the acrobat
HPRegen  0.26/turn              s - +4 ring of protection
MPRegen  0.12/turn              h - ring of fire

@: on berserk cooldown, slowed, very slow
A: horns 2, retaliatory headbutt
a: Renounce Religion, Heroism


You were on level 1 of the Lair of Beasts.
You worshipped Okawaru.
Okawaru was greatly pleased with you.
You visited 3 branches of the dungeon, and saw 11 of its levels.

You collected 497 gold pieces.
You spent 349 gold pieces at shops.

Inventory:

Hand Weapons
 a - a +1 long sword
 f - a +1 flail of protection (weapon)
Missiles
 j - a throwing net (quivered)
Armour
 b - a +0 scale mail
 c - a +0 kite shield
 i - a +1 plate armour (worn)
 r - a +1 tower shield (worn)
 u - a +0 cloak (worn)
 y - a +2 chain mail of poison resistance
 C - the +1 pair of boots of Plasticity (worn) {*Corrode rPois Int+7 Dex-4}
   (You bought it in a shop on level 3 of the Dungeon)

   Int:       It affects your intelligence (+7).
   Dex:       It affects your dexterity (-4).
   rPois:     It protects you from poison.
   *Corrode:  It may corrode you when you take damage.
Jewellery
 h - a ring of fire (right hand)
 l - an amulet of the acrobat (around neck)
 n - a ring of magical power
 s - a +4 ring of protection (left hand)
 v - a ring of wizardry
 x - an amulet of guardian spirit
 D - a ring of protection from cold
 E - a ring of ice
Wands
 k - a wand of polymorph (9)
 q - a wand of iceblast (7)
Scrolls
 d - a scroll of amnesia
 m - 2 scrolls of summoning
 F - a scroll of blinking
Potions
 e - 4 potions of brilliance
 g - 2 potions of magic
 o - 2 potions of degeneration {unknown}
 p - a potion of berserk rage
 t - a potion of haste {unknown}
 z - 2 potions of curing {unknown}
 A - a potion of might
 B - a potion of mutation {unknown}


   Skills:
 + Level 9.1 Fighting
 + Level 12.2 Long Blades
 + Level 0.2 Throwing
 + Level 10.5 Armour
 + Level 2.2 Dodging
 + Level 0.9 Stealth
 + Level 12.7 Shields
 + Level 0.5 Invocations


You had 10 spell levels left.
You didn't know any spells.
Your spell library contained the following spells:

 Spells                   Type           Power      Damage    Failure   Level
 Beastly Appendage        Tmut           0%         N/A       100%        1
 Sting                    Tmut/Pois      0%         1d3       100%        1
 Poisonous Vapours        Pois/Air       0%         N/A       100%        2
 Static Discharge         Conj/Air       0%         N/A       100%        2
 Wereblood                Tmut           0%         N/A       100%        2
 Spider Form              Tmut/Pois      0%         N/A       100%        3
 Olgreb's Toxic Radiance  Pois           0%         N/A       100%        4
 Lightning Bolt           Conj/Air       0%         1d11      100%        5
 Maxwell's Capacitive Co  Air            0%         ∞         100%        8


Dungeon Overview and Level Annotations

Branches:
Dungeon (9/15)             Temple (1/1) D:6            Lair (1/6) D:8
    Orc: D:9-12

Altars:
Ashenzari
Cheibriados
Dithmenos
Elyvilon
Fedhas
Kikubaaqudgha
Makhleb
Okawaru
Ru
Sif Muna
Uskayaw
Vehumet
Yredelemnul
The Shining One

Shops:
D:3 [

Annotations:
Lair:1 klutch's ghost, journeyman MiFi


Innate Abilities, Weirdness & Mutations

You have a pair of horns on your head.
You reflexively headbutt those who attack you in melee.


Message History

You barely miss klutch's ghost.
You headbutt klutch's ghost, but do no damage.
Klutch's ghost is moderately damaged.
Klutch's ghost shrieks, "You will join me soon!"
Klutch's ghost hits you but does no damage.
You hit klutch's ghost but do no damage.
Klutch's ghost is moderately damaged.
You block klutch's ghost's attack.
You hit klutch's ghost but do no damage.
Klutch's ghost is moderately damaged.
Klutch's ghost hits you.
* * * LOW HITPOINT WARNING * * *
You closely miss klutch's ghost.
Klutch's ghost is moderately damaged.
You block klutch's ghost's attack.
You barely miss klutch's ghost. Your headbutt misses klutch's ghost.
Klutch's ghost is moderately damaged.
Klutch's ghost hits you but does no damage.
You closely miss klutch's ghost.
Klutch's ghost is moderately damaged.
Klutch's ghost says, "I was once a great warrior, and I still am!"
You block klutch's ghost's attack.
You hit klutch's ghost but do no damage.
Klutch's ghost is moderately damaged.
Klutch's ghost says, "I was once a great warrior, and I still am!"
You block klutch's ghost's attack.
You closely miss klutch's ghost.
Klutch's ghost is moderately damaged.
You block klutch's ghost's attack.
Your plate armour prevents you from hitting klutch's ghost.
Klutch's ghost is moderately damaged.
You are no longer berserk.
You are exhausted.
You feel yourself slow down. You block klutch's ghost's attack.
You barely miss klutch's ghost.
Klutch's ghost is moderately damaged.
You block klutch's ghost's attack.
Klutch's ghost says, "You cannot hurt me!"
Klutch's ghost hits you!
You die...

#### #..# #####...
##.#.....
#########.......#
#?#.....#........
#.#)...(##.......
##.'..(..###..####
#@W'....(###..#
#..'.(...##..##
#..#...♣.###.####
#..#♣..(.###..#.##
#.#########.....).
#.###.# #....P###
#### #....##
#(....# # #..##
##..## #..#..## #
##..# ##.##
#.####.##


You could see klutch's ghost.

Vanquished Creatures
  Harold (Lair:1)
  2 two-headed ogres
  Maurice (D:8)
  A cane toad (Lair:1)
  A troll (D:6)
  Grinder (D:4)
  A hornet (D:6)
  A polar bear (Lair:1)
  5 blink frogs (Lair:1)
  Sigmund (D:3)
  25 yaks
  A basilisk (D:9)
  A vampire mosquito (D:9)
  2 water moccasins
  3 orc warriors
  4 sky beasts
  4 black bears
  An ice beast (D:8)
  A necrophage (D:6)
  2 ogres
  2 centaurs
  A phantom (D:6)
  2 bullfrogs
  3 scorpions
  A water moccasin zombie (D:6)
  4 wights (D:8)
  A howler monkey (D:9)
  An electric eel (D:8)
  A centaur zombie (D:6)
  A bullfrog zombie (D:3)
  A jelly (D:8)
  4 orc priests
  3 hounds
  An iron imp (D:5)
  2 gnoll shamans
  3 centaur skeletons (D:7)
  2 iguanas
  5 orc wizards
  A hound zombie (D:5)
  2 howler monkey zombies
  7 adders
  9 gnolls
  A howler monkey skeleton (D:6)
  A white imp (D:7)
  3 worms (D:2)
  2 dart slugs (D:2)
  20 orcs
  5 endoplasms
  4 giant cockroaches
  6 goblins
  10 hobgoblins
  5 quokkas
  7 ball pythons
  7 bats
  5 frilled lizards
  9 kobolds
  2 rats (D:3)
203 creatures vanquished.

Vanquished Creatures (others)
  2 fungi (D:8)
  7 plants
9 creatures vanquished.

Grand Total: 212 creatures vanquished

Notes
Turn   | Place    | Note
-------+----------+-------------------------------------------
     0 | D:1      | boopmooplesden the Minotaur Fighter began the quest for the
                  | Orb.
     0 | D:1      | Reached XP level 1. HP: 19/19 MP: 0/0
   232 | D:1      | Reached XP level 2. HP: 27/27 MP: 1/1
   813 | D:1      | Reached XP level 3. HP: 33/34 MP: 2/2
  1718 | D:2      | Reached XP level 4. HP: 39/41 MP: 3/3
  2172 | D:3      | Reached skill level 5 in Shields
  2172 | D:3      | Reached XP level 5. HP: 34/47 MP: 4/4
  2438 | D:3      | Noticed Sigmund
  2447 | D:3      | Killed Sigmund
  2448 | D:3      | Reached skill level 5 in Armour
  2448 | D:3      | Reached XP level 6. HP: 37/55 MP: 5/5
  2629 | D:3      | Found Zofafaod's Antique Armour Shop.
  2673 | D:3      | Reached skill level 5 in Fighting
  2673 | D:3      | Reached skill level 5 in Long Blades
  3155 | D:4      | Reached skill level 1 in Dodging
  3155 | D:4      | Reached XP level 7. HP: 37/61 MP: 6/6
  4033 | D:4      | Found an ancient bone altar of Kikubaaqudgha.
  4047 | D:4      | Noticed Grinder
  4048 | D:4      | Paralysed by Grinder for 2 turns
  4079 | D:4      | Killed Grinder
  4925 | D:3      | Bought a tower shield for 112 gold pieces
  4952 | D:5      | Entered Level 5 of the Dungeon
  4962 | D:5      | Found a snail-covered altar of Cheibriados.
  4975 | D:5      | Reached XP level 8. HP: 43/68 MP: 7/7
  6236 | D:6      | Found a broken altar of Ashenzari.
  6356 | D:6      | Noticed a two-headed ogre
  6367 | D:6      | Killed a two-headed ogre
  6368 | D:6      | Reached XP level 9. HP: 42/78 MP: 8/8
  6370 | D:6      | Noticed a troll
  6377 | D:6      | Killed a troll
  6737 | D:6      | Paralysed by a hornet for 3 turns
  7208 | D:6      | Found a staircase to the Ecumenical Temple.
  7292 | Temple   | Entered the Ecumenical Temple
  7500 | Temple   | Became a worshipper of Warmaster Okawaru
  8794 | D:8      | Reached * piety under Okawaru
  8806 | D:8      | Reached skill level 10 in Long Blades
  8819 | D:8      | Reached XP level 10. HP: 56/86 MP: 9/9
  8851 | D:8      | Reached ** piety under Okawaru
  8852 | D:8      | Reached skill level 10 in Shields
  9205 | D:8      | Noticed Maurice
  9220 | D:8      | Killed Maurice
  9552 | D:8      | Found a glowing golden altar of the Shining One.
  9604 | D:8      | You fall into a shaft and drop 1 floor!
  9633 | D:9      | Noticed a two-headed ogre
  9646 | D:9      | Killed a two-headed ogre
  9646 | D:9      | Reached *** piety under Okawaru
  9647 | D:9      | Reached skill level 10 in Armour
  9704 | D:9      | Noticed a tengu warrior
  9721 | D:9      | Noticed a deep elf pyromancer
  9963 | D:8      | Found a burning altar of Makhleb.
 10082 | D:8      | Found a staircase to the Lair.
 10098 | D:8      | Reached XP level 11. HP: 95/95 MP: 10/10
 10178 | Lair:1   | Entered Level 1 of the Lair of Beasts
 10211 | Lair:1   | Reached **** piety under Okawaru
 10386 | Lair:1   | Noticed Harold
 10417 | Lair:1   | Killed Harold
 10737 | Lair:1   | Found a runed translucent gate.
 10737 | Lair:1   | Found a runed translucent gate.
 10737 | Lair:1   | Found a runed translucent gate.
 10739 | Lair:1   | Noticed klutch's ghost (journeyman MiFi)
 10831 | Lair:1   | Reached ***** piety under Okawaru
 11296 | D:3      | Bought a pair of dazzling boots for 237 gold pieces
 11296 | D:3      | Identified the +1 pair of boots of Plasticity {*Corrode
                  | rPois Int+7 Dex-4} (You bought it in a shop on level 3 of
                  | the Dungeon)
 12105 | Lair:1   | Slain by klutch's ghost

Illustrated notes

Levels and vault maps discovered:
D:1:      minmay_arrival_semitransparent, layout_basic, chequers_big_river
D:2:      layout_basic
D:3:      layout_loops_ring, serial_bayou, serial_bayou_shore_b,
          serial_bayou_lake_a, serial_bayou_shore_b, serial_bayou_pond_b,
          serial_bayou_pond_e, serial_shops, shop, uniq_sigmund
D:4:      minmay_general_purpose_star, layout_basic, kiku_gazebo_pond_becter,
          hangedman_decor_growths, skrybe_limestone_x, uniq_grinder
D:5:      layout_basic, slow_altar_1
D:6:      layout_gridville, cheibrodos_ashenzari_chains,
          minmay_temple_entry_ruins
D:7:      layout_loops_cross, wad_floor_pattern_untrapped
D:8:      layout_basic, lemuel_round_altar, tso_altar,
          grunt_lair_entry_orc_guard_hut, uniq_maurice
D:9:      layout_loops_ring, minmay_the_grid_2x2 [minmay_the_grid_empty,
          minmay_the_grid_tree, minmay_the_grid_box_x,
          minmay_the_grid_prize_trominoes]
Temple:   eino_temple_rhombus
Lair:1:   layout_layer_cave, ebering_ghost_rock_garden, uniq_harold

Skill      XL: |  1  2  3  4  5  6  7  8  9 10 11 |
---------------+----------------------------------+-----
Armour         | 4 5 6 8 9 10 | 10.5
Fighting       | 4 5 6 7 8 9 |  9.1
Shields        | 4 5 6 7 9 11 12 | 12.7
Long Blades    | 3 4 5 6 8 10 11 12 | 12.2
Dodging        | 1 2 |  2.2
Throwing       | |  0.2
Stealth        | |  0.9
Invocations    | |  0.5

Action                   |  1- 3 |  4- 6 |  7- 9 | 10-12 || total
-------------------------+-------+-------+-------+-------++-------
Melee: Long sword        |    94 |    84 |   358 |   464 ||  1000
       Headbutt          |    14 |    17 |    74 |   112 ||   217
       Flail             |       |       |       |    13 ||    13
Throw: Throwing net      |       |       |     1 |       ||     1
Invok: Heroism           |       |       |       |    10 ||    10
  Use: Scroll            |     3 |     5 |     9 |     2 ||    19
       Potion            |       |     1 |     2 |     3 ||     6
Armor: Scale mail        |    18 |       |       |       ||    18
       Plate armour      |    62 |    70 |   197 |   200 ||   529
Dodge: Dodged            |    32 |    14 |    38 |    86 ||   170
Block: Kite shield       |    69 |    51 |   126 |       ||   246
       Tower shield      |       |       |   109 |   469 ||   578
       Rpst.: Long sword |     7 |     7 |     3 |    23 ||    40
